 Dungeon Crawl Stone Soup version 0.31-a0-981-geadf994542 (webtiles) character file.

Game seed: 6831749579166815505

6198 promet the Thaumaturge (level 10, -2/59 HPs)
             Began as a Deep Elf Venom Mage on Oct 31, 2023.
             Was a Priest of Nemelex Xobeh.
             Killed from afar by a ynoxinul (32 damage)
             ... with an iron shot
             ... on level 10 of the Dungeon.
             The game lasted 01:49:50 (19269 turns).

promet the Thaumaturge (Deep Elf Venom Mage)       Turns: 19269, Time: 01:49:52

Health: -2/59      AC:  5    Str: 13      XL:     10   Next: 61%
Magic:  30/33      EV: 13    Int: 23      God:    Nemelex Xobeh [***...]
Gold:   506        SH:  0    Dex: 14 (15) Spells: 12/26 levels left

rFire   . . .        a - +4 dire flail (freeze)
rCold   . . .        (shield currently unavailable)
rNeg    . . .        t - +0 troll leather armour {Pargi}
rPois   .            n - +0 helmet
rElec   .            (no cloak)
rCorr   .            x - +0 pair of gloves
SInv    .            (no boots)
Will    +....        (no amulet)
Stlth   ++           u - +6 ring of strength
HPRegen 1.09/turn    Q - ring of magical power
MPRegen 0.23/turn

%: no passive effects
@: no status effects
A: no striking features
a: Renounce Religion, Draw Escape, Draw Destruction, Draw Summoning, Triple Draw


You were on level 10 of the Dungeon.
You worshipped Nemelex Xobeh.
Nemelex Xobeh was most pleased with you.
You visited 1 branch of the dungeon, and saw 10 of its levels.
You also visited: Sewer.

You collected 541 gold pieces.
You spent 35 gold pieces at shops.

Inventory:

Hand Weapons
 a - a +4 dire flail of freezing (weapon)
 b - a +0 orcbow of draining
 c - a +2 dagger of venom
 z - a +0 dagger of venom
 A - a +0 whip of freezing
 B - a +0 flail of protection
 G - a +2 short sword of freezing
 I - a +0 falchion of holy wrath
 K - a +3 short sword of electrocution
 N - a +0 short sword of speed
 R - a +2 war axe
 S - a +0 scythe of protection
 T - a +0 sling of flaming
Missiles
 f - 38 poisoned darts
 i - 84 stones
 r - 17 boomerangs (quivered)
 s - 5 javelins
 M - 3 datura-tipped darts
 P - a curare-tipped dart
Armour
 h - a +0 robe
 n - a +0 helmet (worn)
 p - +0 steam dragon scales
 t - a +0 troll leather armour (worn) {Pargi}
 x - a +0 pair of gloves (worn)
Magical Staves
 o - a staff of cold
Jewellery
 u - a +6 ring of strength (left hand)
 y - a ring of positive energy
 H - the amulet "Dym Kywk" {RegenMP Fly rPois rC- Int+2}
   (You acquired it on level 6 of the Dungeon)

   [amulet of magic regeneration]

   RegenMP:   It increases your rate of magic regeneration.
   Int+2:     It affects your intelligence (+2).
   rC-:       It makes you vulnerable to cold.
   rPois:     It protects you from poison Fly: It grants you flight.
 L - a ring of fire
 O - a ring of poison resistance
 Q - a ring of magical power (right hand)
Talismans
 k - a beast talisman
 q - a serpent talisman
Wands
 C - a wand of light (15)
 D - a wand of paralysis (12)
Scrolls
 e - 4 scrolls of immolation
 j - 2 scrolls of teleportation
 U - a scroll of identify
Potions
 d - a potion of curing
 l - 2 potions of ambrosia
 m - a potion of magic
 v - a potion of invisibility {unknown}
 w - 5 potions of brilliance
 E - a potion of might
 F - a potion of berserk rage {unknown}
 J - 3 potions of attraction


   Skills:
 * Level 5.5 Fighting
 + Level 1.7 Short Blades
 * Level 2.2 Maces & Flails
 + Level 3.4 Polearms
 + Level 0.7(3.5) Staves
 + Level 3.4 Ranged Weapons
 + Level 0.5 Throwing
 + Level 2.9 Armour
 + Level 4.3 Dodging
 + Level 4.1 Stealth
 + Level 8.9 Spellcasting
 * Level 2.9 Conjurations
 + Level 3.6 Hexes
 + Level 3.7 Transmutations
 + Level 3.2 Air Magic
 + Level 7.4 Poison Magic
 + Level 4.0 Evocations


You had 12 spell levels left.
You knew the following spells:

 Your Spells              Type           Power      Damage    Failure   Level
a - Sting                 Tmut/Pois      100%       1d8       1%          1
b - Poisonous Vapours     Pois/Air       68%        N/A       1%          2
c - Tukima's Dance        Hex            27%        N/A       5%          3
d - Mephitic Cloud        Conj/Pois/Air  31%        N/A       3%          3
e - Olgreb's Toxic Radia  Pois           44%        N/A       3%          4
f - Sandblast             Erth           20%        2d7       8%          1

Your spell library contained the following spells:

 Spells                   Type           Power      Damage    Failure   Level
 Frozen Ramparts          Ice            20%        1d4       24%         3
 Petrify                  Tmut/Erth      19%        N/A       36%         4
 Brom's Barrelling Bould  Conj/Erth      17%        2d4       41%         4
 Yara's Violent Unravell  Hex/Tmut       13%        3d7       43%         5
 Iskenderun's Battlesphe  Conj           23%        2d8       56%         5
 Passage of Golubria      Tloc           10%        N/A       63%         4
 Metabolic Englaciation   Hex/Ice        9%         N/A       71%         5
 Fireball                 Conj/Fire      8%         3d6       77%         5
 Conjure Ball Lightning   Conj/Air       12%        3x3d6     98%         6
 Bombard                  Conj/Erth      8%         9d2       100%        6
 Orb of Destruction       Conj           11%        9d6       100%        7
 Shatter                  Erth           5%         3d8*      100%        9


Dungeon Overview and Level Annotations

Branches:
Dungeon (10/15)            Temple (0/1) D:6           Sewer (visited)
   Lair: D:8-11         Orc: D:9-12

Altars:
Cheibriados
Fedhas
Kikubaaqudgha
Nemelex Xobeh
Okawaru
Qazlal
Trog
Vehumet
Xom

Shops:
D:8 =((*?

Annotations:
D:6 Prince Ribbit


Message History

The yak bellows!
You see here a +0 short sword.
Casting: Olgreb's Toxic Radiance (dangerous; 3% risk of failure)
Confirm with . or Enter, or press ? or * to list all spells.
Aiming: Poisonous Vapours (safe; 1% risk of failure)
Press: ? - help, Dir - move target, f - yak
Aim: a yak Poisonous vapours surround the yak!
The yak is poisoned.
You open the door.
Your +4 dire flail of freezing glows with a cold blue light!
a - a +4 dire flail of freezing (weapon)
The yak barely misses you.
A ynoxinul comes into view.
The yak attacks as it pursues you! The yak gores you but does no damage.
There is an open door here.
The ynoxinul bellows!
You sock the yak! You freeze the yak.
The yak is severely wounded.
The yak misses you.
You hit the yak but do no damage.
The yak is severely wounded.
The yak looks more healthy.
The yak closely misses you.
Casting: Poisonous Vapours (safe; 1% risk of failure)
Confirm with . or Enter, or press ? or * to list all spells.
You begin to radiate toxic energy.
The yak is poisoned. x2
The yak looks even sicker.
The yak gores you!
You hit the yak. You freeze the yak.
The yak is almost dead.
Your toxic aura wanes.
The yak gores you! x2; The yak gores you but does no damage.
The ynoxinul barely misses you. The yak attacks as it pursues you!
The yak gores you but does no damage.
You hit the yak. You freeze the yak.
You kill the yak!
The ynoxinul hits you. The ynoxinul gestures at you. The iron shot hits you!!
Ouch! That really hurt!
You die...
Your body disappears without a glow.

#....#...#.......#####..........
#....#####......................
#...............................
.............................
#...............#########...<...
#.♣.P...........#.......#.......
#..P♣...........#.......#......#
.#♣...#+###.....3#.......#......#
..........#.....@Y.......#.......
..........########.......#'##..8.
............................##...
............................#.###
.##########.................##.8.
#.................#.###
#.........[.......##...
#.......>..####.....)8.
############ #........


You could see a yak (poisoned) and a ynoxinul.

Vanquished Creatures
  A two-headed ogre (D:8)
  Pikel (D:5)
  A troll (D:10)
  A hornet (D:9)
  Sigmund (D:2)
  A shadow (D:9)
  A wyvern (D:7)
  5 yaks
  Eustachio (D:6)
  2 steam dragons (D:8)
  2 water moccasins
  Duvessa (D:6)
  3 orc warriors
  Pargi (Sewer)
  A sky beast (D:6)
  2 centaurs
  2 ogres
  2 kobold brigands
  2 scorpions
  5 wights
  Dowan (D:6)
  3 howler monkeys (D:9)
  7 hounds
  A jelly (D:5)
  3 orc priests
  2 quasits (D:10)
  An iron imp (D:3)
  Jessica (D:2)
  3 iguanas
  2 gnoll boudas
  9 orc wizards
  9 gnolls
  5 adders
  A worm (D:3)
  3 dart slugs
  22 orcs
  7 ball pythons
  2 bats
  4 endoplasms
  5 giant cockroaches
  6 goblins
  4 hobgoblins
  4 jackals
  3 frilled lizards
  17 kobolds
  6 rats
167 creatures vanquished.

Vanquished Creatures (collateral kills)
  An ice devil (D:10)
  A centaur (D:7)
  5 wights
  A kobold (D:8)
8 creatures vanquished.

Vanquished Creatures (others)
  An arcanist (D:3)
  3 dancing weapons
4 creatures vanquished.

Grand Total: 179 creatures vanquished

Notes
Turn   | Place    | Note
-------+----------+-------------------------------------------
     0 | D:1      | promet the Deep Elf Venom Mage began the quest for the Orb.
     0 | D:1      | Reached XP level 1. HP: 10/10 MP: 6/6
   698 | D:1      | Reached XP level 2. HP: 15/15 MP: 6/8
   818 | D:1      | Learned a level 2 spell: Poisonous Vapours
  1051 | D:1      | Found a faded altar of an unknown god.
  1819 | D:2      | Noticed Sigmund
  2653 | D:2      | Reached XP level 3. HP: 19/19 MP: 7/10
  2735 | D:2      | Found a shimmering altar of Xom.
  2976 | D:2      | Noticed Jessica
  3114 | D:2      | Killed Sigmund
  3115 | D:2      | Reached skill level 1 in Fighting
  3115 | D:2      | Reached skill level 4 in Spellcasting
  3115 | D:2      | Reached skill level 1 in Air Magic
  3115 | D:2      | Reached skill level 1 in Evocations
  3115 | D:2      | Reached XP level 4. HP: 2/25 MP: 1/12
  3115 | D:2      | Reached XP level 5. HP: 2/29 MP: 1/13
  3310 | D:2      | Killed Jessica
  4157 | D:3      | Reached XP level 6. HP: 33/34 MP: 8/15
  4216 | D:3      | Found a glowing drain.
  4227 | Sewer    | Entered a sewer
  4241 | Sewer    | Noticed Pargi
  4251 | Sewer    | Killed Pargi
  4623 | D:3      | Found a sparkling altar of Nemelex Xobeh.
  4689 | D:3      | Became a worshipper of Nemelex Xobeh the Trickster
  4791 | D:3      | Found a snail-covered altar of Cheibriados.
  5135 | D:3      | Found a bloodstained altar of Trog.
  5137 | D:3      | Noticed an arcanist
  5142 | D:3      | Killed an arcanist
  6993 | D:4      | Reached skill level 5 in Spellcasting
  6993 | D:4      | Reached XP level 7. HP: 40/40 MP: 9/16
  7303 | D:4      | Learned a level 3 spell: Tukima's Dance
  7601 | D:4      | Reached * piety under Nemelex Xobeh
  7705 | D:4      | Found an ancient bone altar of Kikubaaqudgha.
  8079 | D:5      | Entered Level 5 of the Dungeon
  8721 | D:5      | Received a gift from Nemelex Xobeh
  8748 | D:5      | Noticed Pikel
  8962 | D:5      | Paralysed by Pikel for 4 turns
  8979 | D:5      | Paralysed by Pikel for 3 turns
  8984 | D:5      | Killed Pikel
  8985 | D:5      | Reached skill level 1 in Polearms
  8985 | D:5      | Reached skill level 1 in Armour
  8985 | D:5      | Reached skill level 6 in Spellcasting
  8985 | D:5      | Reached skill level 5 in Poison Magic
  8985 | D:5      | Reached XP level 8. HP: 39/45 MP: 15/19
  9652 | D:5      | Reached skill level 1 in Ranged Weapons
 10008 | D:5      | Learned a level 3 spell: Mephitic Cloud
 11398 | D:6      | Noticed Duvessa
 11413 | D:6      | Noticed Dowan
 11428 | D:6      | Killed Dowan
 11439 | D:6      | Killed Duvessa
 11658 | D:6      | Found an iron altar of Okawaru.
 11690 | D:6      | Found a radiant altar of Vehumet.
 11694 | D:6      | Identified a scroll of acquirement
 11694 | D:6      | Identified the of Nynuats (You acquired it on level 6 of
                  | the Dungeon)
 11694 | D:6      | Acquired the amulet "Dym Kywk" {RegenMP Fly rPois rC-
                  | Int+2}
 11979 | D:6      | Noticed Prince Ribbit
 12073 | D:6      | Found a staircase to the Ecumenical Temple.
 12075 | D:6      | Noticed Eustachio
 12107 | D:6      | Killed Eustachio
 12108 | D:6      | Reached skill level 7 in Spellcasting
 12108 | D:6      | Reached XP level 9. HP: 49/52 MP: 14/21
 12262 | D:6      | Found a blossoming altar of Fedhas.
 12306 | D:6      | Learned a level 4 spell: Olgreb's Toxic Radiance
 12578 | D:7      | Reached ** piety under Nemelex Xobeh
 12950 | D:7      | Received a gift from Nemelex Xobeh
 13008 | D:7      | Reached skill level 1 in Short Blades
 13556 | D:8      | Identified the "Sunid"
 13557 | D:8      | Found Woduu's Jewellery Emporium.
 13817 | D:8      | Found Achamip's Weapon Boutique.
 14640 | D:9      | Found a radiant altar of Vehumet.
 14724 | D:9      | Received a gift from Nemelex Xobeh
 14867 | D:9      | Reached skill level 8 in Spellcasting
 15052 | D:8      | Learned a level 1 spell: Sandblast
 15089 | D:8      | Found Loapt's Magic Scroll Shop.
 15134 | D:8      | Reached *** piety under Nemelex Xobeh
 15141 | D:8      | Noticed a two-headed ogre
 15186 | D:8      | Killed a two-headed ogre
 15187 | D:8      | Reached skill level 5 in Fighting
 15187 | D:8      | Reached skill level 1 in Conjurations
 15187 | D:8      | Reached XP level 10. HP: 49/59 MP: 24/24
 15382 | D:8      | Found Jooshrarph's Weapon Boutique.
 15396 | D:8      | Found Wuifuohe's Assorted Antiques.
 15872 | D:8      | Received a gift from Nemelex Xobeh
 16012 | D:8      | Bought 3 datura-tipped darts for 35 gold pieces
 18002 | D:9      | Reached skill level 1 in Maces & Flails
 18113 | D:9      | Found a stormy altar of Qazlal.
 18267 | D:10     | Entered Level 10 of the Dungeon
 19269 | D:10     | Killed from afar by a ynoxinul

Illustrated notes

Levels and vault maps discovered:
D:1:      mushboom_english_gardens, layout_basic,
          hellmonk_ecumenical_altar_blasted, dreamdust_mushroom_princess,
          minmay_tiny_reverse_x
D:2:      layout_basic, basic_altar, uniq_jessica, uniq_sigmund
D:3:      layout_basic, trog_wizard, nemelex_xobeh_ov_fountains_minmay,
          slow_altar_2, mainiacjoe_sewer_entry_somewhere_in_here_1,
          minmay_hedge_maze
D:4:      layout_loops_ring, lemuel_tele_altar
D:5:      layout_loops_ring, uniq_pikel
D:6:      layout_basic, mainiacjoe_overflow_brackets,
          gammafunk_temple_overflow_statue, mainiacjoe_overflow_catch_the_wave,
          minmay_temple_entry_wispy, uniq_eustachio, uniq_prince_ribbit1,
          uniq_duvessa
D:7:      layout_cave_pools
D:8:      layout_cave_pods, serial_shops, shop, shop, shop,
          nicolae_shop_bloodbath_and_beyond, shop
D:9:      minmay_evil_eye, layout_basic, hangedman_feature_mirror,
          dreamdust_wishing_well
D:10:     layout_irregular_city, mainiacjoe_overflow_alcove_2,
          gammafunk_ghost_spectres, serial_demonic, serial_demonic_b,
          serial_demonic_e, serial_demonic_e, serial_demonic_b,
          serial_demonic_f, hex_medium, kennysheep_donut,
          minmay_strange_pillars, nicolae_twisty_statue_hallways

Skill      XL: |  1  2  3  4  5  6  7  8  9 10 |
---------------+-------------------------------+-----
Stealth        | 3 4 |  4.1
Fighting       | 1 2 4 5 |  5.5
Dodging        | 3 4 |  4.3
Spellcasting   | 4 5 6 7 8 |  8.9
Air Magic      | 1 2 3 |  3.2
Poison Magic   | 4 5 6 7 |  7.4
Evocations     | 1 2 3 4 |  4.0
Transmutations | 2 3 |  3.7
Polearms       | 1 3 |  3.4
Armour         | 1 2 |  2.9
Hexes          | 2 3 |  3.6
Ranged Weapons | 1 2 3 |  3.4
Short Blades   | 1 |  1.7
Conjurations   | 1 2 |  2.9
Maces & Flails | 2 |  2.2
Staves         | |  0.7
Throwing       | |  0.5

Action                     |  1- 3 |  4- 6 |  7- 9 | 10-12 || total
---------------------------+-------+-------+-------+-------++-------
  Melee: Short sword       |    32 |       |     4 |    20 ||    56
         Punch             |     1 |       |       |       ||     1
         Staff             |    17 |       |       |       ||    17
         Halberd           |       |  1103 |   120 |       ||  1223
         Falchion          |       |       |     7 |       ||     7
         Dire flail        |       |       |       |    63 ||    63
   Fire: Sling             |     2 |     7 |    49 |    30 ||    88
         Orcbow            |       |       |       |    29 ||    29
  Throw: Boomerang         |       |     3 |     7 |     3 ||    13
   Cast: Sting             |    26 |    27 |    52 |    20 ||   125
         Poisonous Vapours |    25 |    24 |    89 |    26 ||   164
         Tukima's Dance    |       |       |    12 |    14 ||    26
         Mephitic Cloud    |       |       |     7 |     3 ||    10
         Olgreb's Toxic Ra |       |       |     2 |     5 ||     7
         Sandblast         |       |       |       |     1 ||     1
 Invoke: Draw Destruction  |       |       |     8 |     1 ||     9
         Draw Summoning    |       |       |     1 |     1 ||     2
  Evoke: Wand              |       |       |     1 |       ||     1
    Use: Scroll            |     4 |     4 |     9 |     4 ||    21
         Potion            |       |     1 |     4 |     2 ||     7
   Stab: Sleeping          |     2 |     2 |       |       ||     4
         Distracted        |       |       |     2 |       ||     2
         Paralysed         |       |       |     4 |       ||     4
         Confused          |       |       |       |     2 ||     2
 Armour: Robe              |    44 |    30 |       |       ||    74
         Troll leather arm |       |    21 |   128 |    95 ||   244
  Dodge: Dodged            |    55 |    61 |   139 |    95 ||   350

Table legend: (Time is in decaauts)
 A = Elapsed time spent in this place.
 B = Non-inter-level travel time spent in this place.
 C = Inter-level travel time spent in this place.
 D = Time resting spent in this place.
 E = Time spent auto-exploring this place.
 F = Levels seen in this place.
 G = Mean time per level.
                   A        B        C        D        E       F      G
               +--------+--------+--------+--------+--------+-----+--------+
         Total |  19878 |  19573 |    305 |   7585 |   2653 |  11 | 1807.1 |
       Dungeon |  19491 |  19186 |    305 |   7402 |   2653 |  10 | 1949.1 |
         Sewer |    387 |    387 |      0 |    183 |      0 |   1 |  387.0 |
               +--------+--------+--------+--------+--------+-----+--------+

Top non-repeatable levels by time:
     D:3: 3034 daAuts
     D:9: 2693 daAuts
     D:8: 2521 daAuts
     D:5: 2466 daAuts
     D:1: 1992 daAuts
     D:6: 1798 daAuts
     D:2: 1646 daAuts
     D:4: 1642 daAuts
     D:7: 1151 daAuts
    D:10: 544 daAuts
   Sewer: 387 daAuts
